 Dungeon Crawl Stone Soup version 0.29-a0-824-gd827844252 (webtiles) character file.

Game seed: 11247059446156519013

259 buhh the Insei (level 6, -4/42 HPs)
             Began as an Octopode Transmuter on July 10, 2022.
             Slain by a gnoll
             ... wielding a +0 flail
             ... led by a gnoll bouda
              (9 damage)
             ... on level 4 of the Dungeon.
             The game lasted 00:04:22 (5508 turns).

buhh the Insei (Octopode Transmuter)                Turns: 5508, Time: 00:04:23

Health: -4/42      AC: -6    Str:  9    XL:     6   Next: 17%
Magic:  16/18      EV: 21    Int: 17    God:
Gold:   193        SH:  0    Dex: 18    Spells: 3/9 levels left

rFire   + . .      SeeInvis .     - Unarmed
rCold   . . .      Faith    .   (shield currently unavailable)
rNeg    . . .      Spirit   .   (helmet currently unavailable)
rPois   x          Reflect  .   (no amulet)
rElec   .          Harm     .   c - ring of protection from fire
rCorr   .          Rampage  .   d - ring of magical power
Will    .....                   (no ring)
Stlth   ++........              (no ring)
HPRegen 0.14/turn               (no ring)
MPRegen 0.16/turn               (no ring)
                                (no ring)
                                (no ring)

@: spider-form (expiring), corroded
A: venomous fangs, almost no armour, (amphibious), 8 rings, tiny, (camouflage
1), (gelatinous body 1), (nimble swimmer 1), (tentacles)
a: End Transformation


You were on level 4 of the Dungeon.
You were a venomous arachnid creature.
You visited 1 branch of the dungeon, and saw 5 of its levels.

You collected 193 gold pieces.

Inventory:

Missiles
 b - 5 atropa-tipped darts
 e - a throwing net
Jewellery
 c - a ring of protection from fire (left front leg)
 d - a ring of magical power (right front leg)
Scrolls
 j - a scroll of enchant weapon
 o - a scroll of poison {unknown}
 p - a scroll of teleportation {unknown}
Potions
 a - 2 potions of heal wounds {unknown}
 f - a potion of ambrosia {unknown}
 g - a potion of cancellation {unknown}
 h - a potion of mutation {unknown}
 i - a potion of invisibility {unknown}
 k - a potion of brilliance {unknown}
 l - 2 potions of attraction {unknown}
 n - a potion of degeneration {unknown}
 Z - 2 potions of flight


   Skills:
 + Level 3.3 Fighting
 + Level 3.6 Dodging
 - Level 2.0 Stealth
 + Level 4.4 Unarmed Combat
 - Level 2.0 Spellcasting
 - Level 2.0 Transmutations
 - Level 1.0 Poison Magic


You had 3 spell levels left.
You knew the following spells:

 Your Spells              Type           Power      Damage    Failure   Level
a - Beastly Appendage     Tmut           16%        N/A       22%         1
b - Wereblood             Tmut           8%         N/A       30%         2
c - Spider Form           Tmut/Pois      6%         N/A       52%         3

Your spell library contained the following spells:

 Spells                   Type           Power      Damage    Failure   Level
 Magic Dart               Conj           4%         1d3       38%         1
 Ensorcelled Hibernation  Hex/Ice        2%         N/A       50%         2
 Searing Ray              Conj           2%         2d4       50%         2
 Ignite Poison            Fire/Tmut/Pois 5%         N/A       58%         3
 Conjure Flame            Conj/Fire      1%         6-21      71%         3
 Ice Form                 Ice/Tmut       5%         N/A       90%         4
 Anguish                  Hex/Necr       0%         N/A       96%         4
 Fulminant Prism          Conj/Hex       0%         3d6       96%         4
 Sticky Flame             Conj/Fire      1%         2d3       96%         4


Dungeon Overview and Level Annotations

Branches:
Dungeon (5/15) Zot: 24504
 Temple: D:4-7

Altars:
Gozag
Makhleb
Okawaru
Qazlal
Ru
Vehumet

Annotations:
D:5 Dowan, Duvessa


Innate Abilities, Weirdness & Mutations

You are a venomous arachnid creature.
You have poisonous fangs.
You are tiny and dextrous.
Your spellcasting is less reliable in this form.
Your armour is entirely melded.
You are incapable of wielding weapons or throwing items.
You cannot wear most types of armour.
((You are amphibious.))
You can wear up to eight rings at the same time.
((Your skin changes colour to match your surroundings (Stealth+).))
((Your rubbery body absorbs attacks. (AC +1, EV +1)))
((You are camouflaged when in or above water. (Stealth+)))
((You have tentacles for arms and can constrict up to eight enemies at once.))


Message History

You add the spells Magic Dart, Searing Ray and Fulminant Prism to your library.
There is a stone staircase leading down here.
You climb downwards.
Marking area around Duvessa and Dowan as unsafe for travelling.
There is a stone staircase leading up here.
You climb upwards.
There is a stone staircase leading down here.
The gnoll shouts!
You turn into a venomous arachnid creature.
A jelly comes into view.
You hit the gnoll.
The gnoll is poisoned.
The gnoll is lightly wounded.
The gnoll misses you.
You hit the gnoll.
The gnoll looks even sicker.
The gnoll is lightly wounded.
The gnoll barely misses you.
You hit the gnoll.
The gnoll is moderately wounded.
The gnoll closely misses you.
You hit the gnoll but do no damage.
The gnoll is moderately wounded.
You barely miss the gnoll.
The gnoll is moderately wounded.
Your transformation is almost over.
The gnoll hits you with a +0 flail!
You hit the jelly.
Your front legs burn!
The jelly is lightly wounded.
The gnoll closely misses you. The jelly hits you.
You are splashed with acid!
You bite the jelly! The acid corrodes you!
Your front legs burn!
The jelly is heavily wounded.
The gnoll misses you.
You hit the jelly. The acid corrodes you!
Your front legs burn!
The jelly is severely wounded.
The jelly misses you. The gnoll hits you with a +0 flail!
* * * LOW HITPOINT WARNING * * *
You hit the jelly but do no damage.
Your front legs burn!
* * * LOW HITPOINT WARNING * * *
The jelly is severely wounded.
The jelly completely misses you. The gnoll hits you with a +0 flail!
You die...

.g.......#.......#
###..###.####....#
##..#..# #...#
#####.#.## ...#
$....#.#### ..#
#........# .#
#........#
#...gJ...##
#....s..[.######
#..............#
#..............#
#........#.....#
#........#.....#
#........#...>.#
##########.....#
#.....# #.....#


You could see a jelly and a gnoll (very poisoned).

Vanquished Creatures
  An orc priest (D:3)
  A gnoll bouda (D:3)
  An orc wizard (D:3)
  7 adders
  2 gnolls (D:4)
  A worm (D:4)
  6 orcs
  6 ball pythons
  6 endoplasms
  6 giant cockroaches
  5 goblins (D:2)
  8 hobgoblins
  6 kobolds
  6 quokkas
  8 bats
  5 frilled lizards
  9 rats
84 creatures vanquished.

Notes
Turn   | Place    | Note
-------+----------+-------------------------------------------
     0 | D:1      | buhh the Octopode Transmuter began the quest for the Orb.
     0 | D:1      | Reached XP level 1. HP: 13/13 MP: 3/3
   154 | D:1      | Reached skill level 1 in Stealth
   431 | D:1      | Reached skill level 1 in Poison Magic
   431 | D:1      | Reached XP level 2. HP: 18/18 MP: 3/5
   621 | D:1      | You fall into a shaft and drop 1 floor!
   671 | D:2      | Reached XP level 3. HP: 23/23 MP: 6/6
  1530 | D:2      | Reached XP level 4. HP: 18/29 MP: 7/7
  1737 | D:2      | Found a burning altar of Makhleb.
  3318 | D:3      | Learned a level 2 spell: Wereblood
  3322 | D:3      | Learned a level 3 spell: Spider Form
  3364 | D:3      | Found a stormy altar of Qazlal.
  3772 | D:3      | Reached XP level 5. HP: 17/35 MP: 8/8
  4100 | D:3      | Reached skill level 4 in Unarmed Combat
  4293 | D:3      | Found a faded altar of an unknown god.
  4349 | D:3      | Found a sacrificial altar of Ru.
  4475 | D:3      | Found an iron altar of Okawaru.
  4600 | D:3      | Found an opulent altar of Gozag.
  4600 | D:3      | Found a radiant altar of Vehumet.
  5054 | D:4      | Noticed a black bear
  5071 | D:3      | Reached XP level 6. HP: 15/42 MP: 9/9
  5488 | D:5      | Entered Level 5 of the Dungeon
  5488 | D:5      | Noticed Duvessa
  5488 | D:5      | Noticed Dowan
  5508 | D:4      | Slain by a gnoll

Illustrated notes

Levels and vault maps discovered:
D:1:      minmay_arrival_checkered_box, layout_basic, chequers_avenue
D:2:      layout_loops_ring, basic_altar
D:3:      layout_basic, okawaru_gym_becter, mainiacjoe_overflow_chevrons,
          nicolae_ru_great_annihilating_truth, amethyst_overflow_temple_binary,
          shapermc_ecumenical_altar_mp_vishouse
D:4:      layout_rooms
D:5:      layout_cave_pools, kennysheep_mini, uniq_ijyb, uniq_duvessa

Skill      XL: |  1  2  3  4  5 |
---------------+----------------+-----
Stealth        | 1 2 |  2.0
Poison Magic   | 1 |  1.0
Fighting       | 2 3 |  3.3
Dodging        | 3 |  3.6
Unarmed Combat | 4 |  4.4
Spellcasting   | |  2.0
Transmutations | |  2.0

Action                   |  1- 3 |  4- 6 || total
-------------------------+-------+-------++-------
Melee: Unarmed           |    68 |   144 ||   212
       Constrict         |    21 |    25 ||    46
       Kick              |    19 |    28 ||    47
       Tentacles         |    11 |    19 ||    30
       Punch             |     1 |     5 ||     6
 Cast: Beastly Appendage |    23 |    29 ||    52
       Spider Form       |       |     5 ||     5
  Use: Scroll            |       |     4 ||     4
       Potion            |       |     4 ||     4
 Stab: Sleeping          |     7 |     6 ||    13
Armor: Skin              |     6 |    46 ||    52
Dodge: Dodged            |    38 |    73 ||   111

Table legend: (Time is in decaauts)
 A = Elapsed time spent in this place.
 B = Non-inter-level travel time spent in this place.
 C = Inter-level travel time spent in this place.
 D = Time resting spent in this place.
 E = Time spent auto-exploring this place.
 F = Levels seen in this place.
 G = Mean time per level.
                   A        B        C        D        E       F      G
               +--------+--------+--------+--------+--------+-----+--------+
         Total |   5494 |   5352 |    142 |    983 |   3655 |   5 | 1098.8 |
       Dungeon |   5494 |   5352 |    142 |    983 |   3655 |   5 | 1098.8 |
               +--------+--------+--------+--------+--------+-----+--------+

Top non-repeatable levels by time:
     D:3: 2133 daAuts
     D:2: 1953 daAuts
     D:1: 968 daAuts
     D:4: 437 daAuts
     D:5: 1 daAuts
